 Dungeon Crawl Stone Soup version 0.24.0-29-g8ce449bc06 (webtiles) character file.

Game seed: 18269622732501572798, levelgen mode: deterministic

146 FessEmpty the Vexing (level 5, -3/31 HPs)
             Began as an Octopode Enchanter on Nov 15, 2019.
             Slain by an ogre
             ... wielding a +0 giant club
              (9 damage)
             ... on level 4 of the Dungeon.
             The game lasted 00:10:15 (2786 turns).

FessEmpty the Vexing (Octopode Enchanter)           Turns: 2786, Time: 00:10:15

Health: -3/31      AC:  1    Str:  7    XL:     5   Next: 28%
Magic:  6/9        EV: 13    Int: 17    God:
Gold:   181        SH:  0    Dex: 14    Spells: 3/9 levels left

rFire    . . .     SeeInvis .   s - +2 dagger (holy)
rCold    . . .     Gourm    .   (no shield)
rNeg     . . .     Faith    .   (helmet restricted)
rPois    .         Spirit   .   (no amulet)
rElec    .         Reflect  .   (no ring)
rCorr    .         Harm     .   (no ring)
MR       .....                  (no ring)
Stlth    ++++......             (no ring)
HPRegen  0.10/turn              (no ring)
MPRegen  0.11/turn              (no ring)
                                (no ring)
                                (no ring)

@: no status effects
A: almost no armour, stealthy swim, amphibious, 8 rings, constrict 8, camouflage
1, gelatinous body 1
a: no special abilities


You were on level 4 of the Dungeon.
You were not hungry.

You visited 1 branch of the dungeon, and saw 4 of its levels.

You collected 181 gold pieces.

Inventory:

Hand Weapons
 s - a +2 dagger of holy wrath (weapon)
Missiles
 k - 21 poisoned darts (quivered)
 o - 5 atropa-tipped darts
Scrolls
 b - 2 scrolls of teleportation {unknown}
 g - 4 scrolls of identify
 h - a scroll of amnesia {unknown}
 i - 2 scrolls of magic mapping
 j - 2 scrolls of fear {unknown}
 l - 2 scrolls of enchant armour {unknown}
 n - 3 scrolls of remove curse
 p - a scroll of enchant weapon {unknown}
Potions
 d - a potion of ambrosia {unknown}
 e - a potion of curing
 f - a potion of heal wounds {unknown}
 m - a potion of haste
 q - 2 potions of degeneration {unknown}
Comestibles
 a - 5 chunks of flesh
 c - 5 rations


   Skills:
 - Level 1.0 Short Blades
 - Level 1.4 Throwing
 - Level 2.0 Dodging
 - Level 4.0 Stealth
 + Level 2.8 Spellcasting
 - Level 4.8 Hexes
 - Level 1.0 Ice Magic


You had 3 spell levels left.
You knew the following spells:

 Your Spells              Type           Power        Failure   Level  Hunger
a - Corona                Hex            ###....      2%          1    #......
b - Ensorcelled Hibernat  Hex/Ice        ##....       9%          2    ##.....
c - Confuse               Hex            ###.....     8%          3    ###....

Your spell library contained the following spells:

 Spells                   Type           Power        Failure   Level  Hunger
 Tukima's Dance           Hex            ###.....     8%          3    ###....
 Dazzling Spray           Conj/Hex       ##....       21%         3    ###....


Dungeon Overview and Level Annotations

Branches:
Dungeon (4/15)
 Temple: D:4-7

Altars:
Hepliaklqana
Okawaru
Xom
Zin
The Shining One

Annotations:
D:3 3 runed translucent doors, Alzound's ghost, amateur HuBe


Innate Abilities, Weirdness & Mutations

You cannot wear most types of armour.
You are very stealthy in the water. (Stealth+)
You are amphibious.
You can wear up to eight rings at the same time.
You can use your tentacles to constrict eight enemies at once.
Your skin changes colour to match your surroundings (Stealth+).
Your rubbery body absorbs attacks. (AC +1, EV +1)


Message History

Aim: an adder (hasn't noticed you, chance to defeat MR: 57%)
The adder hisses angrily.
The adder appears confused.
No target in view!
You hit the adder. You grab the adder.
The adder is lightly wounded.
You constrict the adder.
The adder struggles to escape constriction.
The adder escapes!
The adder misses you.
You hit the adder. You grab the adder.
The adder is moderately wounded.
You constrict the adder. The adder barely misses you.
The adder struggles to escape constriction.
You hit the adder but do no damage.
The adder is moderately wounded.
You constrict the adder.
The adder struggles to escape constriction.
The goblin shouts!
You hit the adder. Your squeeze misses the adder.
The adder is severely wounded.
You constrict the adder, but do no damage.
The adder escapes!
You hit the adder.
You kill the adder!
You have reached level 5!
You feel agile.
Casting: Confuse (safe; 8% risk of failure)
Confirm with . or Enter, or press ? or * to list all spells.
Aiming: Ensorcelled Hibernation (safe; 9% risk of failure)
Press: ? - help, Shift-Dir - straight line, f - goblin
Aim: a goblin, wielding a +0 dagger (chance to defeat MR: 61%)
The goblin resists with significant effort.
Casting: Ensorcelled Hibernation (safe; 9% risk of failure)
Confirm with . or Enter, or press ? or * to list all spells.
Aiming: Ensorcelled Hibernation (safe; 9% risk of failure)
Press: ? - help, Shift-Dir - straight line, f/p - goblin
Aim: a goblin, wielding a +0 dagger (chance to defeat MR: 61%)
The goblin resists with significant effort.
Casting: Ensorcelled Hibernation (safe; 9% risk of failure)
Confirm with . or Enter, or press ? or * to list all spells.
You don't have enough magic to cast that spell.
You barely miss the goblin. You grab the goblin.
You constrict the goblin, but do no damage.
The goblin hits you with a +0 dagger.
You hit the goblin. You squeeze the goblin.
You kill the goblin!
You start resting.
Magic restored.
You start resting.
All of the chunks of flesh in your inventory have rotted away.
HP restored.
You butcher the adder corpse.
a - a chunk of flesh You see here an adder skeleton. x2
Found 16 sling bullets.
You now have 159 gold pieces (gained 12).
You see here a +0 dagger.
n - 3 scrolls of remove curse (gained 1)
You now have 170 gold pieces (gained 11).
c - 4 rations (gained 1)
Found a stone staircase leading down.
There is an open door here.
There is an open door here.
Found 27 arrows.
Eating a chunk of flesh.
You eat the chunk of flesh.
This raw flesh tastes terrible.
A ball python comes into view.
The ball python hisses angrily.
Casting: Ensorcelled Hibernation (safe; 9% risk of failure)
Confirm with . or Enter, or press ? or * to list all spells.
Aiming: Ensorcelled Hibernation (safe; 9% risk of failure)
Press: ? - help, Shift-Dir - straight line, f - ball python
Aim: a ball python (chance to defeat MR: 61%)
The ball python looks drowsy...
The helpless ball python fails to defend itself.
You impale the ball python!!
You kill the ball python!
Okay, then.
Found a runed translucent gate.
The orc shouts!
The adder hisses angrily.
The orc cheers loudly.
Magic restored.
An adder comes into view.
The helpless adder fails to defend itself.
You puncture the adder!
You kill the adder!
You butcher the adder corpse.
a - a chunk of flesh You see here an adder skeleton. x2
You now have 181 gold pieces (gained 11).
c - 5 rations (gained 1) As you open the door, it creaks loudly!
There is an open door here.
Found a robe.
Found a stone staircase leading down.
There is an open door here.
The orc shouts!
Found a leather armour.
The adder hisses angrily.
Found a hunting sling.
You see here a hunting sling.
Alzound's ghost lets out a mournful wail.
Alzound's ghost whispers, "There is no future for you."
You see here 16 sling bullets.
There is an open door here.
There is an open door here.
j - 2 scrolls labeled EBBAJU ORYNG (gained 1)
There is a stone staircase leading up here.
The orc is too close now for your liking.
The orc shouts!
You hear a shout!
Casting: Ensorcelled Hibernation (safe; 9% risk of failure)
Confirm with . or Enter, or press ? or * to list all spells.
Aiming: Ensorcelled Hibernation (safe; 9% risk of failure)
Press: ? - help, Shift-Dir - straight line, f - orc
Aim: an orc (chance to defeat MR: 61%)
The orc looks drowsy...
Things that are here:
a +1 dagger; a +0 leather armour The helpless orc fails to defend itself.
You puncture the orc!
You kill the orc!
Casting: Ensorcelled Hibernation (safe; 9% risk of failure)
Confirm with . or Enter, or press ? or * to list all spells.
Aiming: Ensorcelled Hibernation (safe; 9% risk of failure)
Press: ? - help, Shift-Dir - straight line, f - orc
Aim: an orc, wielding a +0 dagger of draining (chance to defeat MR: 61%)
The orc looks drowsy...
The orc shouts!
The helpless orc fails to defend itself.
You impale the orc!!
You kill the orc!
Casting: Ensorcelled Hibernation (safe; 9% risk of failure)
Confirm with . or Enter, or press ? or * to list all spells.
Aiming: Ensorcelled Hibernation (safe; 9% risk of failure)
Press: ? - help, Shift-Dir - straight line, f - orc
Aim: an orc, wielding a +0 club and wearing a +0 leather armour (chance to defeat MR: 61%)
The orc looks drowsy...
Things that are here:
a +0 dagger of draining; an orc corpse The helpless orc fails to defend itself.
You puncture the orc!
You kill the orc!
The orc hits you with a +0 war axe.
Casting: Ensorcelled Hibernation (safe; 9% risk of failure)
Confirm with . or Enter, or press ? or * to list all spells.
Aiming: Ensorcelled Hibernation (safe; 9% risk of failure)
Press: ? - help, Shift-Dir - straight line, f - orc
Aim: an orc, wielding a +0 war axe (chance to defeat MR: 61%)
The orc looks drowsy...
The helpless orc fails to defend itself.
You impale the orc!!
You kill the orc!
You start resting.
HP restored.
You start resting.
Eating a chunk of flesh.
You eat the chunk of flesh.
This raw flesh tastes terrible.
Magic restored.
You butcher the orc corpse.
a - a chunk of flesh
Things that are here:
a +0 dagger of draining; an orc skeleton
Things that are here:
a +0 dagger of draining; an orc skeleton
Things that are here:
a +0 club; a +0 leather armour; an orc corpse You butcher the orc corpse.
a - 5 chunks of flesh (gained 4)
Things that are here:
a +0 club; a +0 leather armour; an orc skeleton
Things that are here:
a +0 club; a +0 leather armour; an orc skeleton
There is a stone staircase leading down here.
Done exploring.
Done exploring.
(D) Dungeon
Where to? (Enter - D:2 @ (x,y), ? - help)
There is a stone staircase leading down here.
You climb downwards.
An orc comes into view.
It is wielding a +2 short sword of freezing.
There is a stone staircase leading up here.
The helpless orc fails to defend itself.
You impale the orc!!
You kill the orc!
An ogre comes into view. It is wielding a +0 giant club.
The helpless ogre fails to defend itself.
You puncture the ogre! Your squeeze misses the ogre.
The ogre is heavily wounded.
The ogre hits you with a +0 giant club!!
Ouch! That really hurt!
* * * LOW HITPOINT WARNING * * *
Casting: Ensorcelled Hibernation (safe; 9% risk of failure)
Confirm with . or Enter, or press ? or * to list all spells.
Aiming: Confuse (safe; 8% risk of failure)
Press: ? - help, Shift-Dir - straight line, f - ogre
Aim: an ogre, wielding a +0 giant club (heavily wounded, chance to defeat MR: 49%)
The ogre resists with some effort.
The ogre hits you with a +0 giant club!
You die...

#.....# #
#.....####.#
#..).......#
#.......#
+.....#.##.#
#.....+....#
#.....#....#
#....O####.#
##....@## .#
.........<#
#
#..######.#
#.. #.# #.
#.. ####


You could see an ogre.

Vanquished Creatures
  An orc wizard (D:3)
  6 adders
  2 oozes
  A leopard gecko (D:1)
  9 orcs
  A ball python (D:3)
  3 giant cockroaches
  6 goblins
  2 hobgoblins
  3 jackals (D:1)
  7 bats (D:1)
  4 frilled lizards
  A kobold (D:1)
  7 rats
53 creatures vanquished.

Notes
Turn   | Place    | Note
-------+----------+-------------------------------------------
     0 | D:1      | FessEmpty the Octopode Enchanter began the quest for the
                  | Orb.
     0 | D:1      | Reached XP level 1. HP: 11/11 MP: 3/3
   277 | D:1      | Reached XP level 2. HP: 17/17 MP: 5/5
   297 | D:1      | Learned a level 2 spell: Ensorcelled Hibernation
   606 | D:1      | Reached XP level 3. HP: 21/21 MP: 6/6
   643 | D:1      | Learned a level 3 spell: Confuse
   785 | D:2      | Found a glowing silver altar of Zin.
  1007 | D:2      | Found an iron altar of Okawaru.
  1513 | D:3      | Reached skill level 1 in Ice Magic
  1669 | D:3      | Reached XP level 4. HP: 23/27 MP: 3/7
  1764 | D:3      | Reached skill level 1 in Throwing
  2017 | D:3      | Found a hazy altar of Hepliaklqana.
  2018 | D:3      | Found a shimmering altar of Xom.
  2018 | D:3      | Noticed a tentacled monstrosity
  2019 | D:3      | Noticed a tentacled monstrosity
  2019 | D:3      | Noticed a spectral ugly thing
  2045 | D:3      | Found a glowing golden altar of the Shining One.
  2216 | D:3      | Reached XP level 5. HP: 18/31 MP: 5/8
  2427 | D:3      | Found a runed translucent gate.
  2428 | D:3      | Found a runed translucent gate.
  2429 | D:3      | Found a runed translucent gate.
  2429 | D:3      | Noticed Alzound's ghost (amateur HuBe)
  2775 | D:4      | Noticed an ogre
  2786 | D:4      | Slain by an ogre

Levels and vault maps discovered:
D:1:      grunt_arrival_lava_bath, layout_basic
D:2:      layout_loops_cross, old_standard_altar, zin_academy
D:3:      layout_basic, regret_index_temple_of_mockery,
          nicolae_tso_carved_into_rock, first_ration, gammafunk_ghost_split
D:4:      layout_basic, overflow_temple_1_default, evilmike_ruin_ashenzari,
          minmay_temple_entry_drinking_statues, uniq_blork_the_orc

Skill      XL: |  1  2  3  4 |
---------------+-------------+-----
Hexes          | 4 |  4.8
Ice Magic      | 1 |  1.0
Throwing       | 1 |  1.4
Short Blades   | |  1.0
Dodging        | |  2.0
Stealth        | |  4.0
Spellcasting   | |  2.8

Action                   |  1- 3 |  4- 6 || total
-------------------------+-------+-------++-------
Melee: Dagger            |    67 |    41 ||   108
       Constrict         |    12 |    10 ||    22
       Tentacles         |     5 |     3 ||     8
 Cast: Ensorcelled Hiber |    19 |    13 ||    32
       Confuse           |     1 |     7 ||     8
       Corona            |     1 |     1 ||     2
  Use: Potion            |     3 |       ||     3
       Scroll            |     1 |     2 ||     3
 Stab: Sleeping          |    21 |    12 ||    33
       Confused          |       |     1 ||     1
  Eat: Chunk             |     3 |     6 ||     9
Armor: Skin              |    14 |     2 ||    16
Dodge: Dodged            |    45 |    25 ||    70
